[Event "Romanian Team Blitz Open 2022"]
[Site "Sebes"]
[Date "2022.12.04"]
[Round "1.1"]
[White "Nastase, Robert-Paul"]
[Black "Lupulescu, Constantin"]
[Result "0-1"]
[ECO "B23"]
[WhiteElo "2229"]
[BlackElo "2591"]
[Annotator "TA"]
[PlyCount "82"]
[EventDate "2022.12.04"]
[EventType "blitz"]
[EventCountry "ROU"]
[SourceTitle "playchess.com"]
[Source "ChessBase"]
[SourceQuality "1"]
[TimeControl "180+2"]

1. e4 c5 2. Nc3 d6 3. d4 cxd4 4. Qxd4 Nc6 5. Qd2 g6 6. b3 {[%emt 0:00:01] B23: Closed Sicilian: Lines without g3.} Bg7 (6... Bh6 $5 7. f4 Nf6 $11) 7. Bb2 $1 Nf6 8. O-O-O {[%emt 0:00:05] White is slightly better.} O-O 9. f4 a5 10. a4 Bg4 {[%emt 0:00:08] [#] Against h3} 11. Be2 $146 ({Predecessor:} 11. Nf3 Rc8 12. Kb1 Nb4 13. Bb5 Qb6 14. Rhe1 Rc5 15. e5 dxe5 16. Rxe5 Rfc8 17. Rxe7 {0-1 (71) Jones,G (2670)-Bodnaruk,A (2411) Chess.com INT 2020}) 11... Rc8 12. Nf3 $2 ({White should try} 12. Bxg4 $11 Nxg4 13. h3) 12... Nb4 $17 13. e5 $2 {[%emt 0:00:34] [#]} (13. Kb1 $17) 13... Nh5 $2 (13... Rxc3 $1 $19 14. Bxc3 Ne4 15. Bxb4 Nxd2 16. Bxd2 dxe5 17. fxe5 Bxf3 18. Bxf3 Qd4) 14. exd6 $2 (14. Kb1 $15) 14... Qxd6 $2 (14... Bxc3 $19 {and Black stays clearly on top.} 15. Bxc3 Rxc3 $1 ) 15. Qxd6 exd6 16. Bc4 $2 (16. Ne1 $17 {was the only chance.} Be6 17. f5 Bxf5 18. Bc4) 16... Nxf4 $19 17. Rxd6 Nxg2 18. Nd2 Ne3 19. Nce4 Be6 (19... Nexc2 $2 20. Nf6+ Bxf6 21. Bxf6 $19) (19... Bf5 $19 {has better winning chances. Strongly threatening ...Bxe4.} 20. Bxg7 Kxg7) 20. Rxe6 (20. Bxg7 $17 {is the only way for White.} Kxg7 21. Bxe6 Rxc2+ 22. Kb1 fxe6 23. Rxe6) 20... Bxb2+ (20... fxe6 21. Bxe6+ Kh8 22. Bxc8 Rxc8 23. Bxg7+ Kxg7 24. c3 $11) 21. Kxb2 {[%emt 0:00:04] Black must now prevent Nf6+.} Nxc4+ ({Inferior is} 21... fxe6 22. Bxe6+ Kg7 23. Bxc8 Rxc8 24. c3 Nd3+ 25. Kb1 $11) 22. Nxc4 fxe6 23. Re1 b6 24. Ned6 $2 {[%emt 0:00:02] [#]} (24. Re2) 24... Rc6 (24... Rf2 $142 $1 25. Nxc8 Nd3+ 26. Kc3 Nxe1) 25. Rxe6 Rf2 26. Re8+ {[%emt 0:00:04] [#]} Kg7 $1 27. Re7+ Kh6 28. Nf7+ Kh5 {[%emt 0:00:00] aiming for ...Rcf6.} 29. Re5+ $2 (29. Nfe5 Rcf6 30. Rxh7+ Kg5 31. Na3 (31. h4+ $2 Kf4 $19)) 29... Kh4 30. Re4+ Kh3 31. Nfe5 Rxc2+ 32. Kb1 R6xc4 33. Nxc4 {[%emt 0:00:02][%mdl 4096] Endgame KRN-KRN} Rc3 $2 (33... Kxh2 34. Rh4+ Kg3 35. Rxh7 $17) (33... Rxh2 34. Re3+ Kg4) 34. Kb2 Rc2+ (34... Rf3 $17 35. Nxb6 h5) 35. Kb1 Rxh2 ({Weaker is} 35... Kxh2 36. Rh4+ Kg3 37. Rxh7 $17) 36. Nxb6 $2 (36. Re6 g5 37. Rh6+ Kg3 38. Rxb6) 36... g5 {[%emt 0:00:01] Hoping for ...g4.} 37. Re5 g4 (37... Rh1+ $142 38. Kb2 Nd3+ 39. Kc3 Nxe5) 38. Rxa5 g3 39. Rh5+ Kg4 {[%emt 0:00:01] Black mates.} 40. Rb5 g2 41. Rxb4+ Kg3 {[%emt 0:00:00] Weighted Error Value: White=1.08/Black=0.63} 0-1

[Event "Romanian Team Blitz Open 2022"]
[Site "Sebes"]
[Date "2022.12.04"]
[Round "1.2"]
[White "Jianu, Vlad-Cristian"]
[Black "Daianu, Cristian-Clement"]
[Result "1-0"]
[ECO "A16"]
[WhiteElo "2516"]
[BlackElo "2189"]
[Annotator "TA"]
[PlyCount "49"]
[EventDate "2022.12.04"]
[EventType "blitz"]
[EventCountry "ROU"]
[SourceTitle "playchess.com"]
[Source "ChessBase"]
[SourceQuality "1"]
[TimeControl "180+2"]

1. Nf3 Nf6 2. c4 g6 3. Nc3 d5 4. cxd5 Nxd5 5. g3 Bg7 6. Bg2 O-O 7. O-O a5 {[%emt 0:00:07][%cal Ba7a5,Ba5a4][%mdl 32] A16: English Opening: 1...Nf6 with ...d5.} 8. Qb3 (8. d4 $14 {feels stronger.}) 8... Nb6 $11 9. d3 a4 {[%emt 0:00:13] The position is equal.} (9... Nc6 {is interesting.} 10. Bd2 e5 11. Ne4 a4) 10. Qc2 {[%emt 0:00:02] [#]} Nc6 $146 ({Predecessor:} 10... Na6 11. Bd2 Nb4 12. Qc1 Re8 13. Bh6 Bh8 14. d4 N4d5 15. e4 Nxc3 16. bxc3 Nc4 {0-1 (39) Schinzel,W-Zoltek,T Zielona Gora 1974}) 11. Bf4 Ra5 12. Rac1 Bg4 13. Qd2 a3 (13... e5 {looks sharper.} 14. Bh6 Bxh6 15. Qxh6 f6) 14. b3 Rh5 {[%emt 0:00:22] Inhibits h3.} 15. h4 h6 {[%emt 0:00:04] [#]} (15... Qd7 $14) 16. Nh2 $1 $16 Bd7 {[%emt 0:00:15] [#]} 17. Bf3 $1 {[%emt 0:00:03] Inhibits e5.} Rf5 18. Ng4 $2 (18. Bxh6 $18 {Threatens to win with Rfe1.} f6 19. Rfd1) 18... h5 $2 (18... Nd4 $1 $14) 19. Nh6+ $18 Bxh6 20. Bxh6 Re8 21. Bg2 {[%emt 0:00:03] This pair of bishops is nice.} Bc8 22. Ne4 Nd4 23. Rfe1 c6 24. Qb4 Ne6 (24... Nb5 $16 25. Nc5 Rf6) 25. Qxa3 {[%emt 0:01:09] Weighted Error Value: White=0.29 (precise) /Black=0.39} 1-0

[Event "Romanian Team Blitz Open 2022"]
[Site "Sebes"]
[Date "2022.12.04"]
[Round "1.3"]
[White "Vrencian, Lehel"]
[Black "Parligras, Mircea-Emilian"]
[Result "1/2-1/2"]
[ECO "B50"]
[WhiteElo "2226"]
[BlackElo "2567"]
[Annotator "TA"]
[PlyCount "74"]
[EventDate "2022.12.04"]
[EventType "blitz"]
[EventCountry "ROU"]
[SourceTitle "playchess.com"]
[Source "ChessBase"]
[SourceQuality "1"]
[TimeControl "180+2"]

1. e4 c5 2. Nf3 d6 3. Bc4 Nc6 4. O-O Nf6 5. Re1 e6 6. c3 {[%emt 0:00:02] [#] B50: Sicilian: 2...d6, Miscellaneous.} (6. Bb3 $11) 6... Be7 (6... Nxe4 $1 $15 7. Rxe4 (7. Bxe6 fxe6) 7... d5 8. Bxd5 Qxd5) 7. Bb3 $11 O-O 8. d4 {[%emt 0:00:01] White has an edge.} d5 9. e5 Nd7 {[%emt 0:00:03] [#]} 10. a3 $146 ({Predecessor:} 10. Bc2 b5 11. Qd3 f5 12. exf6 Nxf6 13. Qxb5 Bd7 14. Qe2 cxd4 15. cxd4 Qb6 16. Be3 {0-1 (40) Seul,G (2374)-Butti,E (2065) Chess.com INT 2021}) 10... b5 (10... f6 $11) 11. Bc2 $1 $16 c4 {[%emt 0:00:19] Against Qd3} 12. h4 h6 {[%emt 0:00:13] [#] Against Ng5} ({Better is} 12... f6 $14) 13. h5 (13. Ng5 $1 $16 ) 13... a5 14. Be3 Re8 15. Qc1 Bf8 16. Nbd2 Rb8 17. Bb1 b4 (17... f6 $16 {was called for.}) 18. axb4 $18 ({Don't play} 18. Qc2 f5) 18... axb4 19. Qc2 f5 20. exf6 Nxf6 21. Bf4 {[%emt 0:00:16] Against Qc7} (21. Ne5 $1 $18 Ne7 22. g4 (22. Ra7 Qb6 $16)) 21... Rb7 (21... b3 $16 22. Qd1 (22. Qg6 Ne7 $14) 22... Bd6) 22. Ne5 $1 Ne7 23. g4 (23. Ra8 $18) 23... bxc3 (23... Qb6 $16 24. Ndf3 bxc3) 24. bxc3 Qb6 25. g5 (25. Qd1 $18) 25... hxg5 $16 26. Bxg5 Qb2 27. Qd1 Nf5 {[%emt 0:00:16] [#]} (27... Qxa1 $11 {keeps the balance.} 28. h6 Ng6 29. Bxg6 Qxd1 30. Rxd1 Bd6 31. Bxe8 (31. hxg7 Bxe5 32. Bxf6 Bxf6 $17) 31... Nxe8) 28. Bxf5 $1 exf5 {[%emt 0:00:03] [#]} 29. Bxf6 (29. h6 $1 $16 {Threatens to win with Rb1.} Qxc3 30. Re3 Qxd4 31. Bxf6 gxf6 32. Nc6) 29... gxf6 $11 {[%emt 0:00:02] The position is equal.} 30. Ng6 Rxe1+ 31. Qxe1 {[%emt 0:00:00] Ra8 is the strong threat.} Qxc3 32. Ra8 Qxd4 {[%emt 0:00:35] Strongly threatening ...Qg4+.} 33. Rxc8 {[%emt 0:00:04] Chess con chili.} Qg4+ 34. Kf1 Qh3+ 35. Kg1 Qg4+ 36. Kf1 Qh3+ 37. Kg1 Qg4+ {[%emt 0:00:02] White really could win this.   Weighted Error Value: White=0.42/Black=0.34} 1/2-1/2

[Event "Romanian Team Blitz Open 2022"]
[Site "Sebes"]
[Date "2022.12.04"]
[Round "1.4"]
[White "Gavrilescu, David"]
[Black "Craciun, Sasha-Matei"]
[Result "1-0"]
[ECO "C27"]
[WhiteElo "2523"]
[BlackElo "2001"]
[Annotator "TA"]
[PlyCount "109"]
[EventDate "2022.12.04"]
[EventType "blitz"]
[EventCountry "ROU"]
[SourceTitle "playchess.com"]
[Source "ChessBase"]
[SourceQuality "1"]
[TimeControl "180+2"]

1. e4 e5 2. Bc4 Nf6 3. Nc3 Nxe4 4. Qh5 Nd6 5. Bb3 Be7 6. Qxe5 (6. Nf3 {simplifies} Nc6 7. Nxe5 g6 8. Nxc6 bxc6 9. Qd1) 6... O-O {[%emt 0:00:05] C27: Vienna Game: 2...Nf6 3 Bc4 Nxe4.} 7. d3 Bf6 8. Qf4 Nc6 {[%emt 0:00:05] White is slightly better.} 9. Nge2 {[%emt 0:00:02] Inhibits Nd4. Active counter play!} (9. Nd5 $14 {should be considered.}) 9... b6 (9... Ne7 $11) 10. O-O (10. Nd5 {simplifies} Ne8 11. Nxf6+ Nxf6 12. O-O) 10... Bb7 {[%emt 0:00:00] [#]} 11. Be3 $146 ({Predecessor:} 11. Nd5 Be5 12. Qg4 Kh8 13. Re1 Na5 14. Nec3 Nxb3 15. axb3 Re8 16. Bf4 Bxc3 17. Rxe8+ Nxe8 18. Nxc3 {1-0 (46) McLaughlin,K (2384)-Finnie,D (2073) ICCF email 2014}) 11... Na5 (11... g6 $11 {is superior.}) 12. Bd5 $1 $14 Bxd5 13. Nxd5 Bxb2 14. Rab1 Bf6 15. Ng3 {[%emt 0:00:02][%mdl 1024] Strongly threatening Nh5. White has compensation.} (15. Nxf6+ {simplifies} Qxf6 16. Qxf6 gxf6 17. Bd4) 15... Re8 16. Nh5 Be5 17. Qg4 {[%emt 0:00:01] aiming for f4.} g6 $36 {[%emt 0:00:01][%mdl 2048] ...f5 is the strong threat. Black has good play.} 18. Ng3 (18. Bf4 $11 Bh8 19. Bxd6 cxd6 20. Rfe1) 18... c6 $17 19. Nf4 Bg7 20. Rfe1 Nab7 21. h4 (21. c4 $17) 21... Nc5 (21... f5 $19 22. Qh3 Bf6) 22. h5 Ne6 23. a4 Qf6 24. Nh3 Nf5 ({Black should play} 24... Qc3 25. hxg6 fxg6) 25. Ne4 (25. Nxf5 $142 Qxf5 26. Qxf5 gxf5 27. Bd2) 25... Qe7 {[%emt 0:00:03] And now ...Nxe3 would win.} 26. Bd2 d5 27. Neg5 Qd7 28. hxg6 hxg6 (28... Nxg5 {simplifies} 29. Nxg5 Rxe1+ 30. Rxe1 hxg6 31. a5 Re8) 29. Nf3 Ned4 30. Nxd4 Bxd4 31. Ng5 Bg7 (31... Rxe1+ {simplifies} 32. Rxe1 Re8 33. Nf3 Rxe1+ 34. Bxe1 Bf6) 32. Qh3 Qd6 $2 {[%emt 0:00:09] [#]} ({Don't play} 32... Bh6 $6 33. g4 Bxg5 34. Bxg5 $11) (32... Rxe1+ $17 {and life is bright.} 33. Rxe1 Re8 34. Rxe8+ Qxe8 35. Qh7+ Kf8) 33. c3 (33. Bc3 $1 $16 {White threatens Qh7+ and mate.} d4 (33... Rxe1+ 34. Rxe1) 34. Qh7+ Kf8 35. Bd2) 33... Bh6 (33... Qd7 {simplifies} 34. Qh7+ Kf8 35. Rxe8+ Rxe8 36. a5 bxa5 37. Nf3 c5) 34. g4 ({Much weaker is} 34. Nxf7 Rxe1+ 35. Rxe1 Kxf7 $17) 34... Bxg5 35. Bxg5 Ng7 36. d4 (36. Kg2 $11 {remains equal.}) 36... Re6 (36... Rxe1+ $17 37. Rxe1 Re8 38. Rxe8+ Nxe8) 37. Rxe6 (37. Kg2 $11 {keeps the balance.} f6 38. Rh1) 37... Qxe6 38. Qf3 Re8 39. Bf6 Qe4 {[%emt 0:00:01] Prevents a5.} 40. Qg3 (40. Qxe4 $17 Rxe4 41. g5) 40... Qxb1+ $19 41. Kg2 Qe4+ 42. Kh2 Re6 43. Qb8+ Kh7 44. g5 Qh4+ 45. Kg2 Rxf6 46. gxf6 Qxf6 47. Qxa7 Qg5+ 48. Kf1 Qc1+ 49. Kg2 Qxc3 50. Qxb6 Nf5 {[%emt 0:00:04] ( -> ...Nh4+)} 51. Qc7 Kg8 52. a5 Nh4+ 53. Kh2 Qf3 $2 (53... Qxd4 $19 54. Kh3 Nf5) 54. Qg3 (54. Qd8+ $15 Kg7 55. Qxh4) 54... Qa3 $4 {[%emt 0:00:03][%mdl 8192] [#]} 55. Qxa3 {[%emt 0:00:01] Both players deserved the win here.   Weighted Error Value: White=0.77/Black=0.51} 1-0

[Event "Romanian Team Blitz Open 2022"]
[Site "Sebes"]
[Date "2022.12.04"]
[Round "1.5"]
[White "Ardelean, George-Catalin"]
[Black "Dragomirescu, Robin-Alexandru"]
[Result "1-0"]
[ECO "B01"]
[WhiteElo "2473"]
[BlackElo "2337"]
[Annotator "TA"]
[PlyCount "88"]
[EventDate "2022.12.04"]
[EventType "blitz"]
[EventCountry "ROU"]
[SourceTitle "playchess.com"]
[Source "ChessBase"]
[SourceQuality "1"]
[TimeControl "180+2"]

1. d4 Nc6 2. e4 d5 3. exd5 Qxd5 4. Nf3 e5 5. Nc3 Bb4 6. Bd2 Bxc3 7. Bxc3 e4 8. Ne5 Nxe5 9. dxe5 Ne7 10. Qe2 $1 {[%emt 0:00:40] 10.Qe2 is better than 10.Qxd5. B01: Scandinavian Defence.} Bf5 11. Rd1 Qc6 12. Qb5 {[%emt 0:00:41] Inhibits Nd5. White has an edge.} O-O 13. Qxc6 Nxc6 14. Bb5 {[%emt 0:00:01] [#]} a6 $146 ({Predecessor:} 14... Bg4 15. Rd2 Rfd8 16. Bxc6 bxc6 17. h3 Bh5 18. g4 Bg6 19. Rxd8+ Rxd8 20. Ke2 Kf8 {1-0 (32) Lucas,A (2331)-Korpa,B (2545) Guimaraes 2021}) 15. Bxc6 bxc6 16. h3 e3 17. f3 Bxc2 18. Rd7 Rfd8 19. Rxd8+ (19. Rxc7 $2 {is the wrong capture.} Rd1+ 20. Ke2 Rxh1 $19) 19... Rxd8 $14 {[%emt 0:00:01][%mdl 4096] Endgame KRB-KRB} 20. Ke2 {[%emt 0:00:00] Inhibits Rd1.} Bf5 21. Kxe3 Be6 22. a3 c5 23. Rc1 c4 24. Bd4 Rd5 25. Rxc4 Rxe5+ $1 {[%emt 0:00:02][%mdl 64] [#]} 26. Bxe5 Bxc4 27. Bxc7 {[%emt 0:00:01] KB-KB} Bf1 28. Kf2 Bc4 29. h4 h5 30. Ke3 Kf8 31. Kd4 Bf1 32. g3 Ke7 33. Kc5 Kd7 34. Kb6 Be2 35. f4 g6 36. Be5 {[%emt 0:00:03] White is slightly better.} Kc8 37. b4 Bb5 38. a4 Bxa4 39. Kxa6 Bd1 40. b5 Be2 41. Kb6 Bf1 42. Kc6 Bg2+ 43. Kd6 Be4 44. Ke7 f5 {[%emt 0:00:05] Weighted Error Value: White=0.04 (flawless) /Black=0.05 (flawless)} (44... Bd5 $14) 1-0

[Event "Romanian Team Blitz Open 2022"]
[Site "Sebes"]
[Date "2022.12.04"]
[Round "1.6"]
[White "Ionescu, Mihai"]
[Black "Murariu, Andrei"]
[Result "1/2-1/2"]
[ECO "D12"]
[WhiteElo "2243"]
[BlackElo "2493"]
[Annotator "TA"]
[PlyCount "114"]
[EventDate "2022.12.04"]
[EventType "blitz"]
[EventCountry "ROU"]
[SourceTitle "playchess.com"]
[Source "ChessBase"]
[SourceQuality "1"]
[TimeControl "180+2"]

1. Nf3 d5 2. d4 Nf6 3. c4 c6 4. e3 Bf5 5. cxd5 cxd5 6. Qb3 Qb6 7. Qxb6 axb6 8. Bb5+ Nc6 9. Nc3 e6 10. Ne5 {[%emt 0:00:08] D12: Slav Defence: 3 Nf3 Nf6 4 e3 Bf5.} Rc8 11. Bd2 {[%emt 0:00:06] [#]} Nd7 $146 ({Predecessor:} 11... Be7 12. O-O O-O 13. a3 Na5 14. Ba4 Rfd8 15. Rfc1 Bd6 16. b4 Nc4 17. Nxc4 dxc4 {1-0 (39) Hanoeman,S (1988)-Tchouka,Y (1591) Chess.com INT 2020}) 12. Nxd7 {[%emt 0:00:17] White is more active. White is better.} Kxd7 13. Ke2 Bd6 14. h3 (14. Na4 {with more complications.} Kc7 15. Rac1 Ra8 16. h4) 14... Kc7 15. Rhc1 (15. g4 $5 Bg6 16. f4 $11) 15... Kb8 16. Na4 Ka7 17. a3 Na5 18. Bxa5 bxa5 19. Nc3 Kb6 {[%emt 0:00:09][%cal Oc8c3] aiming for ...Rxc3!} 20. Bd3 Bxd3+ 21. Kxd3 Rc4 (21... Rc6 $11) 22. Ne2 (22. e4 $1 $16) 22... Rhc8 23. Rxc4 dxc4+ $11 {[%emt 0:00:01][%mdl 4096] Endgame KRB-KRN} 24. Kc3 Ka6 25. a4 b5 26. axb5+ Kxb5 27. Kc2 Bb4 28. f4 Kc6 29. e4 Rb8 (29... f5 $5 ) 30. Nc3 Bxc3 31. bxc3 {[%emt 0:00:01] KR-KR} Rb5 (31... Ra8 $11) 32. g4 (32. Ra4 $16) 32... f5 $2 (32... g5 $1 $14) 33. gxf5 $18 exf5 34. e5 Kd5 (34... Rd5 {is a better defense.} 35. Kd2 g6) 35. Re1 $2 ({White must play} 35. h4 $18 {Black must now prevent Rb1.} Ke6 36. Ra4) 35... Ke6 $2 {[%emt 0:00:01] [#]} (35... a4 $11) 36. Ra1 $2 (36. h4 $1 $18) 36... g6 $2 (36... Kd5 $1 $11) 37. h4 Kd5 (37... h6 {keeps fighting.} 38. Ra2 g5) 38. Re1 $2 (38. Rb1 $18 Rxb1 39. Kxb1) 38... Rb6 {[%emt 0:00:01][%mdl 8192] [#]} (38... Rb3 $16) 39. Ra1 $2 ({Only move:} 39. Rb1 $1 $18 Ra6 40. Rb5+ Kc6 41. Rc5+ Kd7 42. Rxc4) 39... Ra6 (39... Rb5 $11 {and Black is okay.}) 40. Ra4 ({Better is} 40. Rc1 $18) 40... Ke4 $14 41. Rxc4 {[%emt 0:00:05] Ra4 is the strong threat.} Kxf4 42. Rc7 ({White should play} 42. Ra4 $1 $14) 42... a4 $11 43. Kb2 Ke3 (43... Ke4 $11) 44. d5 ({White should try} 44. Rxh7 $14 Rb6+ 45. Ka3) 44... f4 $2 (44... Ke4 $11 45. c4 Kxe5 46. Rxh7 Kd4) 45. d6 $18 (45. Rxh7 a3+ 46. Ka2 Ke4 $11) 45... Ra5 46. e6 {[%emt 0:00:06][%cal Od6d7,Be5e6,Be6e7][%mdl 32] White wants to mate with d7!} f3 47. Rf7 f2 48. d7 (48. Rxh7 {gets mated.} Rb5+ 49. Ka2 f1=Q 50. Rh8 Qb1+ 51. Ka3 Qb3#) 48... Rf5 49. Rxf5 (49. d8=R $2 {perishes.} f1=Q 50. Rxf5 gxf5 $19) 49... gxf5 50. d8=Q (50. d8=B {leads to mate.} f1=Q 51. e7 Qb5+ 52. Ka2 Kd3 53. e8=Q Qxe8 54. Bg5 Kc2 55. Bf4 Qb5) 50... f1=Q {[%emt 0:00:00] KQ-KQ} 51. e7 Qb5+ 52. Ka1 $2 (52. Kc1 Qf1+ 53. Qd1 Qb5 54. Qe1+ Kf4 55. e8=Q Qxe8 56. Qxe8 Kg3 57. Qe5+ f4 58. c4) 52... Qf1+ $11 53. Kb2 $2 (53. Ka2 $11 Qc4+ 54. Kb2 Qb3+ 55. Kc1 Qxc3+ 56. Kd1 Qb3+ 57. Kc1 Qc4+ 58. Kd1 Qe2+ 59. Kc1 Qc4+ 60. Kd1 Qe2+ 61. Kc1 Qc4+) 53... Qb5+ 54. Ka1 $2 (54. Kc1 Qf1+ 55. Qd1 Qb5 56. Qe1+ Kf3 57. e8=Q Qxe8 58. Qxe8 Kg4 59. c4) 54... Qf1+ 55. Kb2 $2 (55. Ka2 $11 Qc4+ 56. Ka1 Qxc3+ 57. Kb1 Qb4+ 58. Kc1 Qc4+ 59. Kd1 Qe2+ 60. Kc1 Qc4+ 61. Kd1 Qe2+ 62. Kc1 Qc4+) 55... Qb5+ 56. Ka1 $2 (56. Kc1 {mates} Qf1+ 57. Qd1 Qb5 58. Qe1+ Kf3 59. e8=Q Qxe8 60. Qxe8 a3 61. Qh5+ Kf4 62. Qxh7) 56... Qf1+ 57. Kb2 $2 (57. Ka2 $11 Qc4+ 58. Ka1 Qxc3+ 59. Kb1 Qb3+ 60. Kc1 Qc3+ 61. Kd1 Qb3+ 62. Kc1 Qc3+ 63. Kd1 Qb3+ 64. Kc1) 57... Qb5+ {[%emt 0:00:28][%mdl 32768] Weighted Error Value: White=0.93/Black=0.78. An unexpected result.} 1/2-1/2

[Event "Romanian Team Blitz Open 2022"]
[Site "Sebes"]
[Date "2022.12.04"]
[Round "1.7"]
[White "Grecescu, Gabriel-Andrei"]
[Black "Dragomirescu, Calin"]
[Result "1/2-1/2"]
[ECO "A06"]
[WhiteElo "2388"]
[BlackElo "1971"]
[Annotator "TA"]
[PlyCount "70"]
[EventDate "2022.12.04"]
[EventType "blitz"]
[EventCountry "ROU"]
[SourceTitle "playchess.com"]
[Source "ChessBase"]
[SourceQuality "1"]
[TimeControl "180+2"]

1. c4 e6 2. Nf3 d5 3. e3 c6 4. b3 Nf6 5. Bb2 Nbd7 6. Be2 Be7 {[%emt 0:00:05] A06: Réti Opening: 1 Nf3 d5.} 7. g4 h6 8. Rg1 {[%emt 0:00:02] [#]} dxc4 $146 ({Predecessor:} 8... Rg8 9. h4 Ne4 10. d3 Nd6 11. g5 hxg5 12. hxg5 dxc4 13. bxc4 Qb6 14. Qc2 c5 {1-0 (61) Grecescu,G (2362)-Vlad,O (1858) Bucharest 2022}) 9. bxc4 a5 (9... Bd6 $11 {remains equal.}) 10. h4 Rg8 11. g5 hxg5 12. hxg5 Ne4 13. g6 {[%emt 0:00:25] gxf7+ is the strong threat.} f6 (13... f5 $142) 14. Qc2 $16 (14. Nc3 Nxc3 15. Bxc3 Bb4 $14) 14... Nec5 (14... f5 $16) 15. d4 $18 Na6 16. a3 Nf8 17. Nc3 Nc7 18. e4 b6 (18... b5 $142 19. cxb5 cxb5) 19. d5 cxd5 20. cxd5 exd5 $2 (20... e5 {was necessary.} 21. Nb5 Nxb5) 21. exd5 ({Resist} 21. Nxd5 Bc5 22. O-O-O Nxd5 23. Rxd5 Qc7) 21... Bd6 $2 (21... Nd7 22. Ne4 Nc5) 22. O-O-O Nd7 23. Ne4 Bf4+ (23... Nc5 24. Nd4 Kf8) 24. Kb1 Ne5 25. d6 Ne6 26. Nxe5 fxe5 27. d7+ Bxd7 28. Bb5 (28. Nd6+ $142 Ke7 29. Nf5+ Ke8 30. Rxd7 $1 Qxd7 31. Bb5 $1 Qxb5 32. Nd6+ Ke7 33. Nxb5) 28... Bxb5 29. Rxd8+ Rxd8 30. Rd1 {[%emt 0:00:03] Prevents Bd3. Threatens to win with Nd6+.} Ke7 {[%emt 0:00:00] Against Nd6} 31. Nc3 {[%emt 0:00:04] Chess con chili.} Rxd1+ $2 (31... Bc4) 32. Qxd1 Rd8 33. Qh1 (33. Nd5+ $18 {is the precise move to win.} Kf8 34. Qb3) 33... Bd3+ $16 {[%emt 0:00:00] [#]} 34. Ka2 (34. Ka1 $1 $16) 34... Bc4+ $11 {[%emt 0:00:00] A strong pair of Bishops.} 35. Ka1 Nd4 {[%emt 0:00:00] Weighted Error Value: White=0.89/Black=0.70} 1/2-1/2

[Event "Romanian Team Blitz Open 2022"]
[Site "Sebes"]
[Date "2022.12.04"]
[Round "1.8"]
[White "Santimbrean, Mihnea-Nicolae"]
[Black "Cnejev, Vladimir-Alexandru"]
[Result "0-1"]
[ECO "C54"]
[WhiteElo "1491"]
[BlackElo "2293"]
[Annotator "TA"]
[PlyCount "54"]
[EventDate "2022.12.04"]
[EventType "blitz"]
[EventCountry "ROU"]
[SourceTitle "playchess.com"]
[Source "ChessBase"]
[SourceQuality "1"]
[TimeControl "180+2"]

1. e4 e5 2. Nf3 Nc6 3. Bc4 Bc5 4. c3 Nf6 5. d3 a6 6. Bb3 d6 7. h3 {[%emt 0:00:02] C54: Giuoco Piano: 4 c3 Nf6, main lines with 5 d4 and 5 d3.} Ba7 8. O-O h6 9. Nbd2 {[%emt 0:00:03] The position is equal.} g5 10. Nh2 {[%emt 0:00:04] Against g4} (10. Nc4 $1 $14) 10... g4 $15 {[%emt 0:00:19] has lost popularity (10...Rg8).} 11. hxg4 ({Of course not} 11. Nxg4 Nxg4 12. hxg4 Qh4 $11) 11... Rg8 $1 12. Kh1 Nxg4 {[%emt 0:00:00] Black is more active.} 13. Qf3 (13. Ndf3 $17 {was necessary.}) 13... Qe7 $19 {[%emt 0:00:00] [#] White must now prevent ...Nxh2.} 14. Nxg4 $146 ({Predecessor:} 14. d4 Nxh2 15. Kxh2 Bg4 16. Qd3 exd4 17. Nf3 dxc3 18. Bd5 Ne5 19. Nxe5 Qxe5+ 20. Qg3 {0-1 (57) Rodchenkov,S (2346)-Deuer,M (2304) Chess.com INT 2022}) 14... Bxg4 ({Weaker is} 14... Rxg4 15. g3 $15) 15. Qg3 {[%emt 0:00:02] Against Qh4+} O-O-O {[%emt 0:00:00] aiming for ...Be2.} 16. Qh2 $2 {[%emt 0:00:05] [#]} (16. Nf3 $17) 16... Rg5 $1 17. Bd1 Qe6 (17... Bxd1 $19 {and Black stays clearly on top.} 18. Rxd1 Bxf2) 18. Nf3 $2 (18. Bxg4 $17 Qxg4 19. f3) 18... Rh5 19. Nh4 Bxd1 20. Rxd1 Qg4 21. g3 Qxd1+ 22. Kg2 Rg8 {[%emt 0:00:14] [#] Strongly threatening ...Qe2.} 23. Qh3+ Kb8 24. a3 Qe1 25. Be3 Qxa1 26. Bxa7+ Kxa7 27. Qd7 Rxh4 {[%emt 0:00:05] White got outplayed after the opening.   Weighted Error Value: White=1.74/Black=0.09 (flawless)} 0-1